 Dungeon Crawl Stone Soup version 0.27.1 (webtiles) character file.

Game seed: 17942512997365776529

7210 MajorAdolf the Covert (level 11, -6/97 HPs)
             Began as a Naga Wanderer on Aug 21, 2021.
             Was an Initiate of Gozag.
             Mangled by a troll (8 damage)
             ... on level 12 of the Dungeon.
             The game lasted 00:44:42 (15210 turns).

MajorAdolf the Covert (Naga Wanderer)              Turns: 15210, Time: 00:44:43

Health: -6/97      AC:  9    Str: 14    XL:     11   Next: 11%
Magic:  30/38      EV:  9    Int: 17    God:    Gozag
Gold:   597        SH:  0    Dex: 10    Spells: 10/22 levels left

rFire    . . .     SeeInvis +   A - +1 hand axe (venom)
rCold    . . .     Faith    .   (no shield)
rNeg     . . .     Spirit   .   c - +3 leather armour
rPois    +         Reflect  .   (no helmet)
rElec    .         Harm     .   e - scarf {+Inv}
rCorr    .         Rampage  .   w - +0 pair of gloves
Will     +....                  (no barding)
Stlth    ++++......             (no amulet)
HPRegen  0.26/turn              C - ring of magical power
MPRegen  0.26/turn              J - ring of magical power

@: very slightly contaminated, very slow
A: AC +3, large, see invisible, deformed body, poison resistance, slowness 2,
spit poison 1, naga tail 1
a: Spit Poison, Renounce Religion, Evoke Invisibility, Potion Petition, Call
Merchant, Bribe Branch


You were on level 12 of the Dungeon.
You worshipped Gozag.
Gozag was pleased with you.
You visited 2 branches of the dungeon, and saw 12 of its levels.
You also visited: Sewer.

You collected 833 gold pieces.
You spent 186 gold pieces at shops.
You paid 50 gold pieces to Gozag.

Inventory:

Hand Weapons
 m - a +1 whip of holy wrath
 A - a +1 hand axe of venom (weapon)
Armour
 c - a +3 leather armour (worn)
 e - a scarf of invisibility (worn)
 w - a +0 pair of gloves (worn)
 P - the +1 leather armour of Oto Gash {Dex+2}
   (You found it on level 12 of the Dungeon)

   Dex:       It affects your dexterity (+2).
Magical Staves
 f - a staff of fire
 n - a staff of earth
Jewellery
 a - a +4 ring of evasion
 p - a ring of flight
 C - a ring of magical power (left hand)
 E - an amulet of the acrobat
 I - a ring of willpower
 J - a ring of magical power (right hand)
 K - a +6 ring of strength
 M - a +6 ring of strength
Wands
 l - a wand of flame (22)
 o - a wand of iceblast (9)
 z - a wand of digging (5)
 N - a wand of acid (5)
Scrolls
 g - a scroll of identify
 j - 3 scrolls of vulnerability
 s - a scroll of immolation
 y - 2 scrolls of enchant weapon
 D - a scroll of teleportation
 F - a scroll of fog
 G - a scroll of enchant armour
 H - 2 scrolls of fear
 L - a scroll of holy word
 O - a scroll of amnesia {unknown}
Potions
 b - 7 potions of curing
 d - 4 potions of magic
 h - a potion of brilliance
 i - 2 potions of ambrosia
 k - 3 potions of resistance
 q - a potion of heal wounds
 r - 3 potions of haste
 t - 3 potions of might
 u - a potion of mutation
 v - a potion of invisibility
 x - a potion of lignification {unknown}
 B - a potion of cancellation {unknown}


   Skills:
 + Level 6.0 Fighting
 - Level 1.0 Long Blades
 - Level 1.0 Throwing
 - Level 1.0 Dodging
 + Level 9.4 Stealth
 + Level 6.0 Spellcasting
 + Level 5.0 Conjurations
 + Level 5.3 Transmutations
 + Level 5.3 Fire Magic
 + Level 5.4 Ice Magic
 + Level 5.0 Air Magic
 - Level 2.0 Earth Magic
 + Level 7.0 Poison Magic


You had 10 spell levels left.
You knew the following spells:

 Your Spells              Type           Power      Damage    Failure   Level
a - Apportation           Tloc           10%        N/A       16%         1
b - Frozen Ramparts       Ice            46%        1d6       5%          3
c - Ignite Poison         Fire/Tmut/Pois 25%        N/A       4%          3
d - Mephitic Cloud        Conj/Pois/Air  24%        N/A       4%          3
e - Searing Ray           Conj           44%        3d4       3%          2

Your spell library contained the following spells:

 Spells                   Type           Power      Damage    Failure   Level
 Foxfire                  Conj/Fire      88%        2x1d8     1%          1
 Magic Dart               Conj           88%        1d7       1%          1
 Passwall                 Tmut/Erth      14%        N/A       5%          2
 Conjure Flame            Conj/Fire      22%        6-21      6%          3
 Swiftness                Air            22%        N/A       6%          3
 Inner Flame              Hex/Fire       14%        N/A       16%         3
 Ice Form                 Ice/Tmut       23%        N/A       19%         4
 Lesser Beckoning         Tloc           2%         N/A       43%         3
 Summon Ice Beast         Ice/Summ       14%        N/A       47%         4
 Fulminant Prism          Conj/Hex       6%         3d7       50%         4
 Bolt of Magma            Conj/Fire/Erth 9%         4d7       63%         5
 Invisibility             Hex            2%         N/A       100%        6


Dungeon Overview and Level Annotations

Branches:
Dungeon (12/15)            Temple (1/1) D:6           Sewer (visited)
   Lair: D:8-11         Orc: D:9-12

Altars:
Ashenzari
Dithmenos
Elyvilon
Fedhas
Gozag
Hepliaklqana
Kikubaaqudgha
Makhleb
Nemelex Xobeh
Okawaru
Ru
Trog
Vehumet
Wu Jian
Xom
Zin
The Shining One
Lugonu

Shops:
D:11 *   D:12 (

Annotations:
D:4 exclusion: centaur
D:5 exclusion: acid dragon


Innate Abilities, Weirdness & Mutations

Your serpentine skin is tough. (AC +3)
You have supernaturally acute eyesight. (SInv)
Armour fits poorly on your strangely shaped body.
Your system is resistant to poisons. (rPois)
You cover ground very slowly.
You can spit poison.
You have a snake-like lower body.


Message History

The troll is engulfed in noxious fumes.
The troll appears confused.
Unknown command.
You hit the troll.
The troll looks as sick as possible!
The troll is moderately wounded.
The troll is engulfed in noxious fumes.
The troll appears confused.
The troll bites you! The troll claws you but does no damage.
The troll claws you.
Casting: Mephitic Cloud (mildly dangerous; 4% risk of failure)
Confirm with . or Enter, or press ? or * to list all spells.
You are standing in a cloud of noxious fumes!
Ignite poison anyway?
Okay, then.
Unknown command.
Casting: Ignite Poison (mildly dangerous; 4% risk of failure)
Confirm with . or Enter, or press ? or * to list all spells.
You are standing in a cloud of noxious fumes!
Ignite poison anyway?
Okay, then.
Casting: Ignite Poison (mildly dangerous; 4% risk of failure)
Confirm with . or Enter, or press ? or * to list all spells.
You are standing in a cloud of noxious fumes!
Ignite poison anyway?
Okay, then.
The troll bites you!
* * * LOW HITPOINT WARNING * * *
The troll claws you.
* * * LOW HITPOINT WARNING * * *
The troll claws you but does no damage. The troll barely misses you.
The troll claws you but does no damage. The troll claws you.
* * * LOW HITPOINT WARNING * * *
Casting: Ignite Poison (mildly dangerous; 4% risk of failure)
Confirm with . or Enter, or press ? or * to list all spells.
You miscast Ignite Poison.
You are very lightly contaminated with residual magic.
Nothing appears to happen.
Unknown command.
Casting: Ignite Poison (mildly dangerous; 4% risk of failure)
Confirm with . or Enter, or press ? or * to list all spells.
You miscast Ignite Poison.
Nothing appears to happen.
The troll bites you!
* * * LOW HITPOINT WARNING * * *
The troll closely misses you. The troll claws you!
You die...
Your body crumbles into a pile of gold.

.<.....#.....#.).#...#
.......#.....#...'...#...
.......#....####'##+##...
.......#....#...........
∩......#....#.........##
.......#....#...[.....#
.......#....#.........#..
.......#....#.........'..
.......#..###...@T....#
...#####..#......######
...# +......# ...#
#......# ...# #......###
...# #.......... ...#
###+#..........# ...#
#..............# ...#
#....######....# $


You could see a troll (confused, very poisoned).

Vanquished Creatures
  2 two-headed ogres (D:11)
  An unseen horror (D:11)
  3 trolls
  5 slime creatures
  A water moccasin (D:8)
  An acid dragon (D:8)
  Duvessa (D:6)
  2 orc warriors
  A black bear (D:7)
  A sky beast (D:6)
  An ice beast (D:7)
  5 ogres
  5 centaurs
  A phantom (D:5)
  2 kobold brigands (Sewer)
  5 bullfrogs
  3 scorpions
  A water moccasin skeleton (D:7)
  Dowan (D:6)
  12 killer bees
  3 wights (D:6)
  9 howler monkeys
  A bullfrog zombie (D:6)
  A jelly (D:6)
  3 centaur zombies
  4 hounds
  3 bullfrog skeletons
  A centaur skeleton (D:7)
  2 orc priests
  2 iguanas
  3 orc wizards
  Natasha (twice) (D:4)
  3 gnolls (D:6)
  2 howler monkey zombies
  4 adders
  2 worms (D:2)
  4 dart slugs
  14 orcs
  9 endoplasms
  9 giant cockroaches
  3 goblins (D:1)
  6 hobgoblins
  2 jackals (D:1)
  18 kobolds
  4 quokkas
  13 ball pythons
  14 bats
  4 frilled lizards
  10 rats
209 creatures vanquished.

Vanquished Creatures (others)
  2 fungi (Sewer)
  29 plants
31 creatures vanquished.

Grand Total: 240 creatures vanquished

Notes
Turn   | Place    | Note
-------+----------+-------------------------------------------
     0 | D:1      | MajorAdolf the Naga Wanderer began the quest for the Orb.
     0 | D:1      | MajorAdolf set off with the following items: a +0 club, a
                  | potion of curing, a +2 leather armour; and the following
                  | spell memorised: Apportation; and the following spells
                  | available to memorise: Lesser Beckoning
     0 | D:1      | Reached XP level 1. HP: 18/18 MP: 4/4
   142 | D:1      | Reached skill level 2 in Stealth
   186 | D:1      | Reached XP level 2. HP: 25/25 MP: 6/6
   273 | D:1      | Found a faded altar of an unknown god.
   461 | D:1      | Reached skill level 3 in Stealth
   928 | D:1      | Reached XP level 3. HP: 31/32 MP: 7/7
  1247 | D:1      | Learned a level 3 spell: Frozen Ramparts
  2124 | D:2      | Reached XP level 4. HP: 24/40 MP: 8/8
  2645 | D:2      | Learned a level 3 spell: Ignite Poison
  2777 | D:3      | Noticed an ogre
  2785 | D:3      | Killed an ogre
  2786 | D:3      | Reached skill level 4 in Stealth
  2786 | D:3      | Reached skill level 1 in Ice Magic
  2786 | D:3      | Reached skill level 1 in Poison Magic
  2786 | D:3      | Reached XP level 5. HP: 48/48 MP: 8/10
  2861 | D:3      | Reached skill level 1 in Fire Magic
  2974 | D:3      | Found a glowing drain.
  3070 | D:3      | Reached skill level 1 in Transmutations
  3083 | Sewer    | Entered a sewer
  3128 | Sewer    | Learned a level 3 spell: Mephitic Cloud
  3467 | Sewer    | Noticed a kobold brigand
  3471 | Sewer    | Killed a kobold brigand
  3472 | Sewer    | Reached XP level 6. HP: 56/56 MP: 11/11
  3842 | D:3      | Found a glowing silver altar of Zin.
  3918 | D:3      | Reached skill level 5 in Stealth
  4600 | D:3      | Found an opulent altar of Gozag.
  4630 | D:4      | Noticed Natasha
  4638 | D:4      | Killed Natasha
  4644 | D:4      | Noticed Natasha
  4658 | D:4      | Killed Natasha
  4907 | D:4      | Reached XP level 7. HP: 62/62 MP: 12/12
  5079 | D:5      | Entered Level 5 of the Dungeon
  5372 | D:4      | Found a bloodstained altar of Trog.
  5375 | D:4      | Reached skill level 1 in Conjurations
  5439 | D:4      | Found a white marble altar of Elyvilon.
  5679 | D:4      | Found a sacrificial altar of Ru.
  6154 | D:5      | Reached skill level 1 in Air Magic
  6264 | D:5      | Found a burning altar of Makhleb.
  6620 | D:5      | Reached XP level 8. HP: 72/72 MP: 10/14
  6998 | D:6      | Noticed Duvessa
  6998 | D:6      | Noticed Dowan
  7003 | D:6      | Killed Dowan
  7003 | D:6      | Killed Duvessa
  7004 | D:6      | Reached skill level 6 in Stealth
  7177 | D:6      | Found a staircase to the Ecumenical Temple.
  7731 | Temple   | Entered the Ecumenical Temple
  7847 | D:3      | Became a worshipper of Gozag Ym Sagoz the Greedy
  8064 | D:6      | Reached XP level 9. HP: 20/79 MP: 4/15
  8083 | D:6      | Found a broken altar of Ashenzari.
  8084 | D:6      | Found a hazy altar of Hepliaklqana.
  8091 | D:6      | Reached skill level 7 in Stealth
  8480 | D:6      | Learned a level 2 spell: Searing Ray
  9401 | D:7      | Reached skill level 5 in Poison Magic
  9402 | D:7      | Reached skill level 5 in Spellcasting
 10001 | D:7      | Reached skill level 5 in Fighting
 10123 | D:8      | Reached skill level 8 in Stealth
 10123 | D:8      | Reached XP level 10. HP: 12/88 MP: 17/17
 12285 | D:8      | Found an ornate altar of the Wu Jian Council.
 13670 | D:9      | You fall into a shaft and drop 2 floors!
 13718 | D:11     | Reached skill level 5 in Ice Magic
 13803 | D:11     | Noticed a two-headed ogre
 13859 | D:11     | Noticed an unseen horror
 13869 | D:11     | Killed an unseen horror
 13933 | D:11     | Noticed a two-headed ogre
 13984 | D:11     | Reached skill level 9 in Stealth
 13984 | D:11     | Reached skill level 5 in Fire Magic
 14125 | D:11     | Found Asef's General Store.
 14133 | D:11     | Reached skill level 5 in Transmutations
 14152 | D:11     | Bought a scroll of fear for 59 gold pieces
 14152 | D:11     | Bought a scroll of holy word for 127 gold pieces
 14257 | D:11     | Identified the +0 robe "Lops" {-Tele +Inv Dex+5 Stlth+}
 14558 | D:11     | Killed a two-headed ogre
 14559 | D:11     | Reached XP level 11. HP: 97/97 MP: 19/19
 14649 | D:11     | Killed a two-headed ogre
 14650 | D:11     | Reached skill level 5 in Conjurations
 14650 | D:11     | Reached skill level 5 in Air Magic
 14984 | D:12     | Found Ziadaif's Antique Weapon Shop.
 15171 | D:12     | Identified the +1 leather armour of Oto Gash {Dex+2}
 15210 | D:12     | HP: 2/97 [troll (9)]
 15210 | D:12     | Mangled by a troll

Illustrated notes

Levels and vault maps discovered:
D:1:      minmay_arrival_shattered_statue, layout_rooms,
          ebering_ecumenical_altar_petrified, serial_rivers,
          chequers_serial_rivers_large_b, chequers_serial_rivers_micro_b,
          chequers_serial_rivers_micro_c, chequers_serial_rivers_micro_c,
          chequers_serial_rivers_micro_c, st_stairs_5
D:2:      cheibrodos_old_hovel, layout_rooms, kennysheep_small_spiral,
          st_stairs_9, amcnicky_mini_rare_corridor_liquid, lemuel_old_faithful
D:3:      layout_basic, pdpol_temple_overflow_zin_treasury_gozag_greed,
          gup_sewer_entry_glass, kennysheep_generic_room_5
D:4:      layout_loops_ring, mainiacjoe_overflow_tiny_flanked,
          mainiacjoe_overflow_two_lobes, chequers_big_river, minivault_4,
          minmay_misc_feat_room, uniq_natasha
D:5:      layout_rooms, mainiacjoe_overflow_brackets, st_stairs_8,
          minmay_small_thing
D:6:      layout_rooms, gammafunk_temple_overflow_statue, temple_pool_b,
          uniq_duvessa
D:7:      layout_loops_cross, chequers_serial_rivers_micro_e
D:8:      layout_layer_cave, nicolae_wu_jian_immortal_techniques,
          serial_bayou_pond_c
D:9:      layout_irregular_city, mainiacjoe_overflow_24_doors, uniq_harold
D:11:     layout_basic, serial_shops, shop
D:12:     layout_gridville, david_orc_4, special_room [special_room_orc],
          serial_shops, shop
Temple:   corrupted_temple

Skill      XL: |  1  2  3  4  5  6  7  8  9 10 11 |
---------------+----------------------------------+-----
Stealth        | 2 3 4 5 6 8 9 |  9.4
Fighting       | 2 3 4 5 6 |  6.0
Ice Magic      | 1 2 3 4 5 |  5.4
Poison Magic   | 1 2 3 4 5 6 7 |  7.0
Fire Magic     | 1 2 3 4 5 |  5.3
Transmutations | 1 2 3 4 5 |  5.3
Conjurations   | 1 2 3 4 5 |  5.0
Air Magic      | 1 2 3 4 5 |  5.0
Spellcasting   | 4 5 6 |  6.0
Long Blades    | |  1.0
Throwing       | |  1.0
Dodging        | |  1.0
Earth Magic    | |  2.0

Action                   |  1- 3 |  4- 6 |  7- 9 | 10-12 || total
-------------------------+-------+-------+-------+-------++-------
Melee: Dagger            |   105 |    12 |       |       ||   117
       Whip              |       |   115 |    75 |     6 ||   196
       Hand axe          |       |       |   114 |    94 ||   208
Throw: Stone             |    50 |     6 |    10 |       ||    66
 Cast: Frozen Ramparts   |       |       |    14 |     1 ||    15
       Mephitic Cloud    |       |       |    25 |    16 ||    41
       Ignite Poison     |       |       |    16 |    23 ||    39
       Searing Ray       |       |       |     2 |       ||     2
 Abil: Spit Poison       |    35 |    35 |    22 |    19 ||   111
Evoke: Wand              |       |    10 |    12 |     3 ||    25
  Use: Scroll            |       |     6 |     5 |     7 ||    18
       Potion            |       |       |     6 |       ||     6
 Stab: Sleeping          |       |     1 |       |     2 ||     3
       Confused          |       |       |     3 |       ||     3
Armor: Leather armour    |    79 |    55 |   127 |    80 ||   341
Dodge: Dodged            |    72 |    70 |   147 |    98 ||   387
